 Dungeon Crawl Stone Soup version 0.31-a0-1084-gb392501acf (webtiles) character file.

Game seed: 15093494644027526574

55 Bnni the Grave Robber (level 3, 0/26 HPs)
             Began as a Demonspawn Necromancer on Nov 28, 2023.
             Killed from afar by an orc wizard (6 damage)
             ... with a magic dart
             ... on level 3 of the Dungeon.
             The game lasted 00:02:41 (1982 turns).

Bnni the Grave Robber (Demonspawn Necromancer)      Turns: 1982, Time: 00:02:42

Health: 0/26       AC:  6    Str:  8    XL:     3   Next: 67%
Magic:  6/6        EV: 10    Int: 18    God:
Gold:   100        SH:  0    Dex: 13    Spells: 3/7 levels left

rFire   . . .        d - +0 dagger
rCold   . . .        (no shield)
rNeg    . . .        g - +0 ring mail
rPois   .            (no helmet)
rElec   .            j - +0 cloak
rCorr   .            (no gloves)
SInv    .            (no boots)
Will    .....        (no amulet) Stlth
                     (no ring)
HPRegen 0.24/turn    (no ring)
MPRegen 0.10/turn

%: no passive effects
@: confused, hasted, very quick
A: hooves 1
a: no special abilities


You were on level 3 of the Dungeon.
You visited 1 branch of the dungeon, and saw 3 of its levels.

You collected 100 gold pieces.

Inventory:

Hand Weapons
 d - a +0 dagger (weapon)
Missiles
 u - 2 poisoned darts
Armour
 g - a +0 ring mail (worn)
 j - a +0 cloak (worn)
 l - a +0 chain mail
Scrolls
 a - 2 scrolls of vulnerability {unknown}
 c - a scroll of fog {unknown}
 e - a scroll of enchant armour {unknown}
 i - a scroll of butterflies {unknown}
 m - 2 scrolls of blinking {unknown}
 n - 3 scrolls of revelation {unknown}
 o - a scroll of identify {unknown}
Potions
 b - a potion of magic
 f - a potion of heal wounds {unknown}
 h - 2 potions of enlightenment {unknown}
 k - a potion of haste
 p - a potion of attraction {unknown}
 q - a potion of degeneration {unknown}
 r - a potion of curing {unknown}
 s - a potion of cancellation {unknown}
 t - a potion of lignification {unknown}


   Skills:
 + Level 1.4 Fighting
 - Level 1.7 Dodging
 - Level 1.7 Stealth
 + Level 2.5 Spellcasting
 * Level 5.2 Necromancy


You had 3 spell levels left.
You knew the following spells:

 Your Spells              Type           Power      Damage    Failure   Level
a - Necrotise             Necr           84%        1d8       6%          1
c - Vampiric Draining     Necr           21%        2d7       19%         3

Your spell library contained the following spells:

 Spells                   Type           Power      Damage    Failure   Level
 Freeze                   Ice            8%         1d3       47%         1
 Wereblood                Tmut           2%         N/A       63%         2
 Frozen Ramparts          Ice            4%         1d1       85%         3
 Hailstorm                Conj/Ice       2%         3d3       85%         3
 Animate Dead             Necr           21%        N/A       52%         4
 Agony                    Necr           21%        N/A       86%         5
 Irradiate                Conj/Tmut      1%         3d12      100%        5


Dungeon Overview and Level Annotations

Branches:
Dungeon (3/15)

Altars:
Sif Muna
Yredelemnul


Innate Abilities, Weirdness & Mutations

You have large cloven feet.


Message History

The orc hits you with a +0 whip.
* * * LOW HITPOINT WARNING * * *
Aiming: Necrotise (safe; 6% risk of failure)
Press: ? - help, Q - select action, (/) - cycle Shift-Dir - straight line, f/p - orc
Aim: an orc, wielding a +0 whip (heavily wounded, chance to affect: 90%)
You miscast Necrotise.
You are very lightly contaminated with residual magic.
Nothing appears to happen.
The orc hits your adder skeleton with a +0 dagger.
Your adder skeleton bites the orc but does no damage.
The orc misses you.
Unknown command.
You barely miss the orc. You kick the orc.
You kill the orc!
You hear some strange, mumbled words.
You are confused.
The orc hits your adder skeleton with a +0 dagger.
Your adder skeleton is destroyed!
Unknown command.
It was a potion of haste.
You feel yourself speed up.
Unknown command.
Magic courses through your body. Something hits you but does no damage.
You're too confused to cast spells.
You're too confused to move!
Something hits you.
* * * LOW HITPOINT WARNING * * *
Okay, then.
You bump into the rock wall.
Something hits you.
* * * LOW HITPOINT WARNING * * *
You bump into the rock wall.
Something completely misses you.
You hear some strange, mumbled words.
A puff of flame appears from out of thin air!
The puff of flame hits something.
You miss something. Your kick misses something.
Your magical contamination has completely faded away.
You miss something.
You hear some strange, mumbled words.
A magic dart appears from out of thin air!
The magic dart hits you.
You die...

# #.# #.##...#......##.######.#
###.# ##.##..........##.....†..##
.##.# #..##......<...######.....#
..#.###.######.......#####..###..
>.......................#..### .
....####..#####..###.........###.
..### ##.....#.## #.............
..## #####...####....#####....
...## ##..@{)o....# #### ....#
#..####....# ....# ###..........#
....# #...###......# ....#
#.#.##..####.# ....# ###.#.#..#
#... ...#######...#...# ###.
.......#...###.## .........###
#.#


You could see an orc.

Vanquished Creatures
  2 adders
  An orc (D:3)
  5 bats
  2 endoplasms (D:1)
  2 giant cockroaches
  4 hobgoblins
  A kobold (D:2)
  2 quokkas
  4 ball pythons
  A frilled lizard (D:1)
  4 goblins
  4 rats
32 creatures vanquished.

Vanquished Creatures (collateral kills)
  A dart slug (D:1)
1 creature vanquished.

Grand Total: 33 creatures vanquished

Notes
Turn   | Place    | Note
-------+----------+-------------------------------------------
     0 | D:1      | Bnni the Demonspawn Necromancer began the quest for the
                  | Orb.
     0 | D:1      | Reached XP level 1. HP: 13/13 MP: 3/3
   260 | D:1      | Gained mutation: You have large cloven feet. [demonic
                  | ancestry]
   260 | D:1      | Reached XP level 2. HP: 20/20 MP: 3/5
   891 | D:2      | Reached skill level 1 in Fighting
   943 | D:2      | Reached skill level 5 in Necromancy
   943 | D:2      | Reached XP level 3. HP: 26/26 MP: 1/6
  1030 | D:2      | Learned a level 3 spell: Vampiric Draining
  1150 | D:2      | Found a basalt altar of Yredelemnul.
  1777 | D:3      | Found a faded altar of an unknown god.
  1873 | D:3      | Found a shimmering blue altar of Sif Muna.
  1982 | D:3      | Killed from afar by an orc wizard

Illustrated notes

Levels and vault maps discovered:
D:1:      scummos_arrival_simple_crosswalls, layout_basic
D:2:      layout_basic, serial_rivers, chequers_serial_rivers_micro_b,
          chequers_serial_rivers_micro_e, chequers_serial_rivers_micro_e,
          chequers_serial_rivers_room_a, chequers_serial_rivers_micro_d,
          chequers_serial_rivers_micro_d, basic_altar
D:3:      layout_rooms, mainiacjoe_overflow_boulevard, basic_ecumenical_altar,
          roderic_serpentine_path

Skill      XL: |  1  2 |
---------------+-------+-----
Fighting       | 1 |  1.4
Necromancy     | 5 |  5.2
Dodging        | |  1.7
Stealth        | |  1.7
Spellcasting   | |  2.5

Action                     || total
---------------------------++-------
  Melee: Dagger            ||    32
         Unarmed           ||     1
         Kick              ||     4
   Cast: Necrotise         ||    47
    Use: Potion            ||     2
   Stab: Sleeping          ||     1
 Armour: Robe              ||     9
         Ring mail         ||    32
  Dodge: Dodged            ||    48

Table legend: (Time is in decaauts)
 A = Elapsed time spent in this place.
 B = Non-inter-level travel time spent in this place.
 C = Inter-level travel time spent in this place.
 D = Time resting spent in this place.
 E = Time spent auto-exploring this place.
 F = Levels seen in this place.
 G = Mean time per level.
                   A        B        C        D        E       F      G
               +--------+--------+--------+--------+--------+-----+--------+
         Total |   1980 |   1906 |     74 |     20 |   1585 |   3 |  660.0 |
       Dungeon |   1980 |   1906 |     74 |     20 |   1585 |   3 |  660.0 |
               +--------+--------+--------+--------+--------+-----+--------+

Top non-repeatable levels by time:
     D:2: 861 daAuts
     D:1: 827 daAuts
     D:3: 291 daAuts
